 Dungeon Crawl Stone Soup version 0.30-a0-881-g1ff12e1e11 (webtiles) character file.

Game seed: 5884667632009493348

2919 NinjaNoafa the Summoner (level 9, -1/34 HPs)
             Began as a Felid Summoner on Mar 14, 2023.
             Was an Initiate of Gozag.
             Slain by a six-headed hydra (9 damage)
             ... on level 9 of the Dungeon.
             The game lasted 00:23:57 (7468 turns).

NinjaNoafa the Summoner (Felid Summoner)            Turns: 7468, Time: 00:23:57

Health: -1/34      AC:  6    Str:  4    XL:     9   Next: 50%
Magic:  13/21      EV: 18    Int: 20    God:    Gozag
Gold:   1036       SH:  0    Dex: 17    Spells: 10/23 levels left
                                        Lives:  0   Deaths: 2

rFire   . . .      SeeInvis +    (weapon unavailable)
rCold   . . .      Faith    .    (shield unavailable)
rNeg    . . .      Spirit   .    (body armour unavailable)
rPois   .          Reflect  .    (helmet unavailable)
rElec   .          Rampage  .    (cloak unavailable)
rCorr   .                        (gloves unavailable)
Will    ++...                    (boots unavailable)
Stlth   +++                      e - amulet of magic regeneration
HPRegen 0.25/turn                g - ring of willpower
MPRegen 0.57/turn                A - +4 ring of protection

@: quick
A: very small, claws 1, fangs 3, see invisible, speed 1, shaggy fur 2, stealthy
paws, no weapons or thrown items, no armour, multi-lived
a: Renounce Religion, Potion Petition, Call Merchant, Bribe Branch


You were on level 9 of the Dungeon.
You worshipped Gozag.
Gozag was most pleased with you.
You visited 2 branches of the dungeon, and saw 10 of its levels.
You also visited: Sewer.

You collected 1090 gold pieces.
You paid 54 gold pieces to Gozag.

Inventory:

Jewellery
 e - an amulet of magic regeneration (around neck)
 g - a ring of willpower (left paw)
 k - a ring of resist corrosion
 A - a +4 ring of protection (right paw)
 G - a ring of protection from cold
Wands
 x - a wand of charming (6)
 J - a wand of roots (11)
Scrolls
 b - 4 scrolls of blinking
 c - 5 scrolls of teleportation
 f - a scroll of amnesia {unknown}
 i - 2 scrolls of enchant armour {unknown}
 j - 4 scrolls of vulnerability {unknown}
 m - a scroll of torment {unknown}
 n - 2 scrolls of magic mapping {unknown}
 o - 3 scrolls of immolation
 p - a scroll of noise {unknown}
 v - 3 scrolls of fog {unknown}
 w - 2 scrolls of brand weapon {unknown}
 y - 4 scrolls of poison {unknown}
 B - a scroll of butterflies {unknown}
 D - a scroll of enchant weapon {unknown}
 I - a scroll of fear {unknown}
Potions
 a - a potion of magic
 d - a potion of degeneration
 h - a potion of invisibility
 l - 2 potions of lignification
 q - 7 potions of heal wounds
 r - 3 potions of curing
 s - a potion of berserk rage {unknown}
 t - 3 potions of mutation
 u - a potion of attraction {unknown}
 z - 2 potions of brilliance {unknown}
 C - a potion of haste
 E - a potion of ambrosia {unknown}
 H - a potion of resistance {unknown}
Miscellaneous
 F - a lightning rod (4/4)


   Skills:
 - Level 4.0 Dodging
 - Level 4.0 Stealth
 + Level 7.8 Spellcasting
 - Level 5.0 Hexes
 + Level 9.3 Summonings
 + Level 4.7 Air Magic


You had 10 spell levels left.
You knew the following spells:

 Your Spells              Type           Power      Damage    Failure   Level
a - Summon Small Mammal   Summ           100%       N/A       1%          1
b - Call Imp              Summ           45%        N/A       1%          2
c - Call Canine Familiar  Summ           45%        N/A       1%          3
d - Summon Guardian Gole  Hex/Summ       36%        N/A       1%          3
e - Summon Lightning Spi  Summ/Air       35%        N/A       4%          4

Your spell library contained the following spells:

 Spells                   Type           Power      Damage    Failure   Level
 Slow                     Hex            100%       N/A       1%          1
 Confusing Touch          Hex            27%        N/A       3%          3
 Cigotuvi's Dreadful Rot  Necr/Pois/Air  28%        N/A       7%          2
 Sublimation of Blood     Necr           7%         N/A       13%         2
 Summon Ice Beast         Ice/Summ       26%        N/A       13%         4
 Frozen Ramparts          Ice            14%        1d3       26%         3
 Vampiric Draining        Necr           7%         2d6       26%         3
 Dispel Undead            Necr           7%         3d8       65%         4
 Ice Form                 Ice/Tmut       7%         N/A       65%         4
 Petrify                  Tmut/Erth      7%         N/A       65%         4
 Irradiate                Conj/Tmut      3%         3d12      94%         5
 Death Channel            Necr           3%         N/A       100%        6
 Orb of Destruction       Conj           3%         9d5       100%        7
 Spellforged Servitor     Conj/Summ      13%        N/A       100%        7


Dungeon Overview and Level Annotations

Branches:
Dungeon (9/15)             Temple (1/1) D:4            Lair (0/5) D:8
  Sewer (visited)
    Orc: D:9-12

Altars:
Ashenzari
Cheibriados
Dithmenos
Elyvilon
Fedhas
Gozag
Hepliaklqana
Kikubaaqudgha
Makhleb
Nemelex Xobeh
Okawaru
Qazlal
Ru
Sif Muna
Trog
Uskayaw
Vehumet
Wu Jian
Xom
Yredelemnul
Zin


Innate Abilities, Weirdness & Mutations

You have sharp claws.
You have razor-sharp teeth.
You have supernaturally acute eyesight. (SInv)
You cover ground quickly. (Speed+)
You are covered in thick fur. (AC +2)
Your paws help you pounce on unaware monsters.
You are incapable of wielding weapons or throwing items.
You cannot wear armour.
You gain extra lives every three experience levels.


Message History

Press: ? - help, Dir - move target, f - six-headed hydra
Aim: a six-headed hydra Attack!
The six-headed hydra bites your guardian golem.
The six-headed hydra completely misses your guardian golem.
The six-headed hydra bites your guardian golem.
The six-headed hydra bites your guardian golem but does no damage.
The six-headed hydra bites your guardian golem!
The six-headed hydra bites your guardian golem but does no damage.
The orc priest looks encouraged for a moment.
The six-headed hydra bites your guardian golem!
The six-headed hydra bites your guardian golem.
Your guardian golem is destroyed!
Your guardian golem disappears in a puff of smoke!
Casting: Summon Guardian Golem (safe; 1% risk of failure)
Confirm with . or Enter, or press ? or * to list all spells.
A guardian golem appears, shielding your allies.
Casting: Summon Guardian Golem (safe; 1% risk of failure)
Confirm with . or Enter, or press ? or * to list all spells.
Casting: Call Canine Familiar (safe; 1% risk of failure)
Confirm with . or Enter, or press ? or * to list all spells.
A beastly little devil appears in a puff of flame.
Your crimson imp says, "You called?"
The wight hits your crimson imp with a +3 falchion.
Your hound bites the six-headed hydra.
The six-headed hydra bites you.
The six-headed hydra completely misses you.
The six-headed hydra barely misses you. The six-headed hydra bites you!
The six-headed hydra barely misses you. The six-headed hydra misses you.
Casting: Call Imp (safe; 1% risk of failure)
Confirm with . or Enter, or press ? or * to list all spells.
An electric hum fills the air.
Your hound barely misses the six-headed hydra.
The wight misses your crimson imp.
Your hound barely misses the six-headed hydra.
The six-headed hydra bites you. The six-headed hydra bites you!
* * * LOW HITPOINT WARNING * * *
The six-headed hydra completely misses you. x2
The six-headed hydra bites you!
You die...
Your body crumbles into a pile of gold.

.........########........).# #
.........########..........######
...............................[.
.........########..........###...
######.#.# #.# ##############...
#.#.# #.# #....... #.#.# #.#
#########....... #.#.#
#.#####.....##........
#.#.###....@Dh9....#.####...
#.#.......8.#5o....#.# #...
#...###.##..#$z....#.# #... ###.#
#.##..###.##.#.##.#.## #.#
#.##..# #.......<.#.# #.###.##..#
#.##.#.#..#.# #.##......#
#(##.#.#..... #.##......#
#..#.#.# .#... #.##.###..#
#....#.#..#.#.


You could see a six-headed hydra (ally target), a wight (ally target), an orc
priest, a friendly guardian golem (summoned), a friendly lightning spire
(summoned), a friendly hound (summoned, sheltered) and a friendly crimson imp
(summoned, sheltered).

Vanquished Creatures
  An orc (D:4)
1 creature vanquished.

Vanquished Creatures (collateral kills)
  Sigmund (D:5)
  2 steam dragons (D:7)
  A water moccasin (D:7)
  Pargi (Sewer)
  2 orc warriors
  3 sky beasts
  Blork the orc (D:5)
  2 bullfrogs (D:6)
  2 wights (D:9)
  A jelly (D:7)
  3 hounds
  A gnoll bouda (D:9)
  An orc priest (D:9)
  2 sleepcaps
  Terence (D:2)
  3 iguanas
  An orc wizard (D:7)
  Natasha (thrice) (D:2)
  Robin (D:3)
  8 gnolls
  6 adders
  2 river rats (D:6)
  2 white imps (D:6)
  4 worms
  2 dart slugs
  5 orcs
  9 ball pythons
  4 bats
  6 endoplasms
  4 giant cockroaches
  10 hobgoblins
  6 jackals (D:4)
  5 kobolds
  7 quokkas
  5 frilled lizards
  16 goblins
  6 rats
139 creatures vanquished.

Vanquished Creatures (others)
  A hornet (D:8)
  A wraith (D:8)
  A steam dragon (D:6)
  Menkaure (D:5)
  A black bear (D:5)
  An ogre (D:6)
  2 centaurs
  2 scorpions
  3 wights (D:9)
  An iguana (D:7)
  A gnoll (D:7)
15 creatures vanquished.

Grand Total: 155 creatures vanquished

Notes
Turn   | Place    | Note
-------+----------+-------------------------------------------
     0 | D:1      | NinjaNoafa the Felid Summoner began the quest for the Orb.
     0 | D:1      | Reached XP level 1. HP: 7/7 MP: 4/4
   233 | D:1      | Reached XP level 2. HP: 7/11 MP: 3/6
   244 | D:1      | Learned a level 2 spell: Call Imp
   998 | D:2      | Found Cicwaynt's Antique Weapon Boutique.
  1028 | D:2      | Reached XP level 3. HP: 12/14 MP: 2/7
  1032 | D:2      | Noticed Terence
  1039 | D:2      | Killed Terence
  1044 | D:2      | Learned a level 3 spell: Call Canine Familiar
  1171 | D:2      | Noticed Natasha
  1181 | D:2      | Killed Natasha
  1182 | D:2      | Reached XP level 4. HP: 18/18 MP: 7/9
  1249 | D:2      | Noticed Natasha
  1259 | D:2      | Killed Natasha
  1259 | D:2      | Slain by a quokka
  1260 | D:2      | Reached XP level 3. HP: 0/14 MP: 6/8
  1339 | D:2      | Noticed Natasha
  1351 | D:2      | Killed Natasha
  1352 | D:2      | Reached XP level 4. HP: 7/18 MP: 5/9
  1643 | D:3      | Noticed Robin
  1665 | D:3      | Reached skill level 5 in Summonings
  1678 | D:3      | Killed Robin
  1683 | D:3      | Reached XP level 5. HP: 21/21 MP: 9/11
  1768 | D:3      | Found a hazy altar of Hepliaklqana.
  1788 | D:3      | Found a faded altar of an unknown god.
  1978 | D:3      | Reached skill level 1 in Hexes
  2187 | D:4      | Identified the +3 trident "Aledotwu" {elec, *Noise Fragile
                  | rN+++ Str+9}
  2213 | D:4      | Found a staircase to the Ecumenical Temple.
  2224 | Temple   | Entered the Ecumenical Temple
  2409 | Temple   | Became a worshipper of Gozag Ym Sagoz the Greedy
  2839 | D:5      | Entered Level 5 of the Dungeon
  2893 | D:5      | Noticed Sigmund
  2931 | D:5      | Killed Sigmund
  2932 | D:5      | Gained mutation: You are covered in thick fur. (AC +2)
                  | [Felid growth]
  2932 | D:5      | Reached XP level 6. HP: 12/24 MP: 11/13
  2936 | D:5      | Learned a level 3 spell: Summon Guardian Golem
  2985 | D:5      | Found a sacrificial altar of Ru.
  3024 | D:5      | Noticed Blork the orc
  3037 | D:5      | Killed Blork the orc
  3114 | D:5      | Reached skill level 6 in Summonings
  3114 | D:5      | Reached XP level 7. HP: 27/27 MP: 14/14
  3134 | D:5      | Shot with an arrow by a centaur
  3135 | D:5      | Reached XP level 6. HP: 0/24 MP: 3/13
  3140 | D:5      | Noticed Menkaure
  3152 | D:5      | Killed Menkaure
  3153 | D:5      | Reached skill level 5 in Hexes
  3456 | D:5      | Reached skill level 5 in Spellcasting
  3456 | D:5      | Reached XP level 7. HP: 27/27 MP: 15/15
  3848 | D:6      | Found an ornate altar of the Wu Jian Council.
  4038 | D:6      | Found a glowing drain.
  4075 | Sewer    | Entered a sewer
  4164 | Sewer    | Noticed Pargi
  4225 | Sewer    | Killed Pargi
  4226 | Sewer    | Reached skill level 7 in Summonings
  4391 | D:6      | Learned a level 4 spell: Summon Lightning Spire
  4467 | D:6      | Found a snail-covered altar of Cheibriados.
  4526 | D:6      | Reached XP level 8. HP: 31/31 MP: 18/18
  4574 | D:6      | Reached skill level 1 in Air Magic
  5279 | D:7      | HP: 1/31 [something] (4)]
  5287 | D:7      | Reached skill level 8 in Summonings
  6138 | D:8      | Noticed a hornet
  6156 | D:8      | Killed a hornet
  6157 | D:8      | Reached XP level 9. HP: 22/34 MP: 15/20
  6611 | D:8      | Found a staircase to the Lair.
  7072 | D:9      | Reached skill level 9 in Summonings
  7445 | D:9      | Noticed a six-headed hydra
  7468 | D:9      | Slain by a six-headed hydra

Illustrated notes

Levels and vault maps discovered:
D:1:      roderic_octagonal_star, layout_basic
D:2:      layout_basic, serial_shops, nicolae_shop_waterfront, uniq_natasha,
          uniq_terence
D:3:      layout_rooms, mainiacjoe_overflow_six_doors_small,
          hellmonk_ecumenical_altar_blasted, serial_curves, eino_curves_02,
          eino_curves_02, minmay_misc_feat_columns, uniq_robin
D:4:      layout_cave_pools, minmay_temple_entry_hall
D:5:      layout_basic, nicolae_ru_sacrificial_ziggurat, uniq_sigmund,
          uniq_blork_the_orc, uniq_menkaure
D:6:      layout_gridville, cheibriados_altar_1, nicolae_wu_jian_wuxing_cycle,
          portal_sewer_entry_e, minmay_misc_feat_ornament
D:7:      layout_loops_ring, st_stairs_6
D:8:      layout_gridville, lair_entry_dummy, minivault_11
D:9:      layout_basic, erik_orc_2, grunt_decor_cap
Temple:   bh_familiar_temple

Skill      XL: |  1  2  3  4  5  6  7  8  9 |
---------------+----------------------------+-----
Dodging        | 3 4 |  4.0
Stealth        | 3 4 |  4.0
Spellcasting   | 3 4 5 6 7 |  7.8
Summonings     | 5 6 7 8 9 |  9.3
Hexes          | 3 5 |  5.0
Air Magic      | 3 4 |  4.7

Action                     |  1- 3 |  4- 6 |  7- 9 || total
---------------------------+-------+-------+-------++-------
  Melee: Unarmed           |     8 |     1 |     2 ||    11
         Bite              |       |       |     1 ||     1
   Cast: Summon Small Mamm |    37 |    30 |    43 ||   110
         Call Imp          |    13 |    21 |    26 ||    60
         Call Canine Famil |     3 |    23 |    28 ||    54
         Summon Guardian G |       |     4 |    23 ||    27
         Summon Lightning  |       |       |    17 ||    17
    Use: Scroll            |       |       |     8 ||     8
         Potion            |       |       |     2 ||     2
   Stab: Distracted        |       |     1 |       ||     1
 Armour: Skin              |     5 |     4 |     8 ||    17
  Dodge: Dodged            |    60 |    27 |    62 ||   149

Table legend: (Time is in decaauts)
 A = Elapsed time spent in this place.
 B = Non-inter-level travel time spent in this place.
 C = Inter-level travel time spent in this place.
 D = Time resting spent in this place.
 E = Time spent auto-exploring this place.
 F = Levels seen in this place.
 G = Mean time per level.
                   A        B        C        D        E       F      G
               +--------+--------+--------+--------+--------+-----+--------+
         Total |   6386 |   6043 |    343 |    100 |   3691 |  11 |  580.5 |
       Dungeon |   6006 |   5684 |    322 |    100 |   3438 |   9 |  667.3 |
        Temple |    166 |    145 |     21 |      0 |    141 |   1 |  166.0 |
         Sewer |    213 |    213 |      0 |      0 |    110 |   1 |  213.0 |
               +--------+--------+--------+--------+--------+-----+--------+

Top non-repeatable levels by time:
     D:6: 1007 daAuts
     D:7: 949 daAuts
     D:1: 855 daAuts
     D:8: 743 daAuts
     D:5: 660 daAuts
     D:3: 545 daAuts
     D:2: 454 daAuts
     D:9: 407 daAuts
     D:4: 383 daAuts
   Sewer: 213 daAuts
  Temple: 166 daAuts
